 Seeded DCSS version 0.29.1-15-g9cfb28693d (webtiles) character file.

Game seed: 1 (custom seed)

330647 Kazon the Fencer (level 20, -21/195 HPs)
             Began as a Black Draconian Fighter on Feb 16, 2023.
             Was the Champion of Okawaru.
             Demolished by an orc warlord
             ... wielding a +6 great sword of electrocution
              (52 damage)
             ... on level 2 of the Vaults on Feb 22, 2023.
             The game lasted 05:36:50 (36413 turns).

Kazon the Fencer (Black Draconian Fighter)         Turns: 36413, Time: 05:36:51

Health: -21/195    AC: 16    Str: 25    XL:     20   Next: 85%
Magic:  31/31      EV: 21    Int: 12    God:    Okawaru [******]
Gold:   3924       SH: 14    Dex: 19    Spells: 19/19 levels left

rFire   + + +      SeeInvis +   f - +10 Maxwell's thermic engine {flame, freeze}
rCold   + + +      Faith    .   c - +0 kite shield {reflect}
rNeg    . . .      Spirit   .   (body armour unavailable)
rPois   +          Reflect  +   M - +0 mask of the Dragon {Will+ Slay+3 SInv}
rElec   +          Harm     .   C - scarf {rC+ rF+}
rCorr   .          Rampage  .   J - +2 pair of gloves {Dex+3}
Will    +++..                   l - +2 pair of boots
Stlth   ++++++....              k - amulet "Odemouw" {Contam rPois rF+++ Regen+ Stlth+}
HPRegen 1.22/turn               S - ring of protection from cold
MPRegen 0.22/turn               r - ring "Liaxixaodgh" {rC+ Will+ Str+6}

@: short of breath, flying, studying Dodging
A: breathe lightning, AC +10, unfitting armour, big wings, electricity
resistance, cold-blooded, beak, robust 1, subdued magic 1
}: 2/15 runes: barnacled, gossamer
a: Breathe Lightning, Renounce Religion, Heroism, Finesse, Duel


You were on level 2 of the Vaults.
You worshipped Okawaru.
Okawaru was exalted by your worship.
You visited 8 branches of the dungeon, and saw 36 of its levels.
You visited the Abyss 1 time.
You also visited: Gauntlet.

You collected 6449 gold pieces.
You spent 2525 gold pieces at shops.

Inventory:

Hand Weapons
 e - a +2 vampiric rapier
 f - the +10 Maxwell's thermic engine (weapon) {flame, freeze}
   (You found it on level 1 of the Lair of Beasts)

   It burns those it strikes, dealing additional fire damage.
   Big, fiery blades are also staple armaments of hydra-hunters.
   It freezes those it strikes, dealing additional cold damage.
   It can also slow down cold-blooded creatures.
   It becomes more effective when it hits something.
   This effect fades over time.
 g - a +0 spectral double sword
 s - the +3 falchion of Winter {venom, rCorr}
   (You bought it in a shop on level 3 of the Dungeon)

   It poisons the flesh of those it strikes.
   rCorr:     It protects you from acid and corrosion.
Missiles
 i - 18 poisoned darts
 n - 29 boomerangs
 x - 2 throwing nets
 A - 5 curare-tipped darts
 N - 3 atropa-tipped darts
 O - 28 javelins
 P - 5 datura-tipped darts (quivered)
Armour
 c - a +0 kite shield of reflection (worn)
 l - a +2 pair of boots (worn)
 C - a scarf of resistance (worn)
 J - a +2 pair of gloves of dexterity (worn)
 M - the +0 mask of the Dragon (worn) {Will+ Slay+3 SInv}
   (You bought it in a shop on level 3 of the Elven Halls)

   Slay:      It affects your accuracy & damage with ranged weapons and melee
   (+3).
   SInv:      It lets you see invisible.
   Will:      It increases your willpower.
Jewellery
 k - the amulet "Odemouw" (around neck) {Contam rPois rF+++ Regen+ Stlth+}
   (You bought it in a shop on level 8 of the Dungeon)

   [amulet of regeneration]

   rF:        It renders you almost immune to fire.
   rPois:     It protects you from poison.
   Contam:    It causes magical contamination when unequipped.
   Regen:     It increases your rate of health regeneration.
   Stlth:     It makes you more stealthy.
 r - the ring "Liaxixaodgh" (right hand) {rC+ Will+ Str+6}
   (You acquired it on level 1 of the Spider Nest)

   [ring of strength]

   Str:       It affects your strength (+6).
   rC:        It protects you from cold.
   Will:      It increases your willpower.
 u - a ring of positive energy
 L - a ring of positive energy
 S - a ring of protection from cold (left hand)
Wands
 a - a wand of roots (25)
 j - a wand of polymorph (11)
 y - a wand of mindburst (45)
 E - a wand of paralysis (29)
 Y - a wand of acid (4)
Scrolls
 d - a scroll of enchant armour
 m - 2 scrolls of immolation
 p - 6 scrolls of poison
 q - 8 scrolls of fog
 t - 2 scrolls of magic mapping
 v - 9 scrolls of teleportation
 G - 6 scrolls of fear
 K - 2 scrolls of blinking
 X - 2 scrolls of silence
Potions
 b - 3 potions of berserk rage
 h - 3 potions of resistance
 o - 10 potions of haste
 w - 13 potions of lignification
 z - 6 potions of ambrosia
 B - 5 potions of cancellation
 Q - a potion of invisibility
 T - 4 potions of heal wounds
 V - 7 potions of might
 Z - 10 potions of curing
Miscellaneous
 H - a condenser vane
 I - a tin of tremorstones (inert)
 R - a phial of floods
 W - a lightning rod (4/4)


   Skills:
 + Level 15.1 Fighting
 + Level 8.5(13.9) Short Blades
 + Level 17.2(18.0) Long Blades
 + Level 12.4 Throwing
 + Level 14.3 Dodging
 + Level 11.8 Stealth
 + Level 13.7 Shields
 + Level 15.1 Invocations
 + Level 16.4 Evocations


You had 19 spell levels left.
You didn't know any spells.
Your spell library contained the following spells:

 Spells                   Type           Power      Damage    Failure   Level
 Apportation              Tloc           0%         N/A       47%         1
 Magic Dart               Conj           0%         1d3       47%         1
 Necrotise                Necr           0%         1d4       47%         1
 Sandblast                Erth           0%         2d4       47%         1
 Shock                    Conj/Air       0%         1d3       47%         1
 Sting                    Tmut/Pois      0%         1d3       47%         1
 Poisonous Vapours        Pois/Air       0%         N/A       63%         2
 Scorch                   Fire           0%         2d5       63%         2
 Confusing Touch          Hex            0%         N/A       86%         3
 Dazzling Flash           Conj/Hex       0%         N/A       86%         3
 Mephitic Cloud           Conj/Pois/Air  0%         N/A       86%         3
 Ozocubu's Armour         Ice            0%         N/A       86%         3
 Swiftness                Air            0%         N/A       86%         3
 Vampiric Draining        Necr           0%         2d6       86%         3
 Airstrike                Air            0%         2d(0-16)  99%         4
 Cause Fear               Hex            0%         N/A       99%         4
 Flame Wave               Conj/Fire      0%         2d4       99%         4
 Iskenderun's Mystic Bla  Conj/Tloc      0%         2d3       99%         4
 Leda's Liquefaction      Hex/Erth       0%         N/A       99%         4
 Olgreb's Toxic Radiance  Pois           0%         N/A       99%         4
 Passage of Golubria      Tloc           0%         N/A       99%         4
 Agony                    Necr           0%         N/A       100%        5
 Alistair's Intoxication  Tmut/Pois      0%         N/A       100%        5
 Blade Hands              Tmut           0%         N/A       100%        5
 Borgnjor's Vile Clutch   Necr/Erth      0%         N/A       100%        5
 Fireball                 Conj/Fire      0%         3d3       100%        5
 Irradiate                Conj/Tmut      0%         3d11      100%        5
 Iskenderun's Battlesphe  Conj           0%         2d6       100%        5
 Metabolic Englaciation   Hex/Ice        0%         N/A       100%        5
 Silence                  Hex/Air        0%         N/A       100%        5
 Yara's Violent Unravell  Hex/Tmut       0%         3d3       100%        5
 Conjure Ball Lightning   Conj/Air       0%         3x3d6     100%        6
 Dispersal                Tloc           0%         N/A       100%        6
 Eringya's Noxious Bog    Tmut/Pois      0%         N/A       100%        6
 Iron Shot                Conj/Erth      0%         9d1       100%        6
 Starburst                Conj/Fire      0%         6d3       100%        6
 Statue Form              Tmut/Erth      0%         N/A       100%        6
 Dragon Form              Tmut           0%         N/A       100%        7
 Enfeeble                 Hex            0%         N/A       100%        7
 Orb of Destruction       Conj           0%         9d5       100%        7
 Ozocubu's Refrigeration  Ice            0%         4d7       100%        7
 Discord                  Hex            0%         N/A       100%        8
 Disjunction              Tloc           0%         N/A       100%        8
 Ignition                 Fire           0%         3d3       100%        8
 Lehudib's Crystal Spear  Conj/Erth      0%         10d2      100%        8
 Summon Small Mammal      Summ           Unusable   N/A       N/A         1
 Call Imp                 Summ           Unusable   N/A       N/A         2
 Animate Armour           Summ/Erth      Unusable   N/A       N/A         4
 Animate Dead             Necr           Unusable   N/A       N/A         4
 Summon Forest            Summ/Tloc      Unusable   N/A       N/A         5
 Death Channel            Necr           Unusable   N/A       N/A         6
 Simulacrum               Ice/Necr       Unusable   N/A       N/A         6
 Summon Cactus Giant      Summ           Unusable   N/A       N/A         6
 Malign Gateway           Summ/Tloc      Unusable   N/A       N/A         7
 Summon Hydra             Summ           Unusable   N/A       N/A         7
 Dragon's Call            Summ           Unusable   N/A       N/A         9

Dungeon Overview and Level Annotations

Branches:
Dungeon (15/15)            Temple (1/1) D:7            Lair (5/5) D:10
 Shoals (4/4) Lair:3       Spider (4/4) Lair:3        Slime (0/5) Lair:4
    Orc (2/2) D:12            Elf (3/3) Orc:2        Vaults (2/5) D:13
 Depths (0/4) D:15        Gauntlet (visited)
  Crypt: Vaults:2-3

Altars:
Ashenzari
Dithmenos
Elyvilon
Gozag
Hepliaklqana
Kikubaaqudgha
Makhleb
Nemelex Xobeh
Okawaru
Qazlal
Uskayaw
Xom
Jiyva

Shops:
D:3 (   D:8 ?(==   D:10 :   D:13 !   Orc:2 ([*=   Elf:2 [?!?   Elf:3 [(
Vaults:1 !   Vaults:2 [

Annotations:
D:14 3 runed translucent doors, Buihiast's ghost, journeyman DgHW
Shoals:4 1 runed translucent door, nroviw's ghost, adept TrBe
Elf:2 2 transporters, roguespy's ghost, adept MiFi
Vaults:2 2 transporters, exclusion: obsidian statue


Innate Abilities, Weirdness & Mutations

You can breathe wild blasts of lightning.
Your glossy black scales are hard. (AC +10)
You cannot fit into any form of body armour.
Your large and strong wings let you fly.
You are resistant to electric shocks. (rElec)
You are cold-blooded and may be slowed by cold attacks.
You have a beak for a mouth.
You are robust. (+10% HP)
Your spells are a little easier to cast, but a little less powerful.


Message History

The orc warlord is moderately wounded.
The orc warlord hits you with a +6 great sword of electrocution!!
* * * LOW HITPOINT WARNING * * *
The orc knight closely misses you.
You hit the orc warlord but do no damage.
You freeze the orc warlord.
The orc warlord is moderately wounded.
You slash the orc warlord! You burn the orc warlord.
You freeze the orc warlord.
Your tail-slap misses the orc warlord.
The orc warlord is heavily wounded.
The orc knight hits you with a +1 long sword!!
* * * LOW HITPOINT WARNING * * *
The orc warlord hits you with a +6 great sword of electrocution!!
* * * LOW HITPOINT WARNING * * *
Okay, then.
Unknown command.
You feel much better.
The orc knight no longer looks unusually strong.
The orc knight barely misses you. The orc warlord closely misses you.
Activating: Breathe Lightning (1% risk of failure)
Press: ? - help, Dir - look around, f - activate You breathe a wild blast of lightning!
You hear a mighty clap of thunder!
The bolt of lightning misses you.
The orb of electricity explodes!
The orb of electricity engulfs the orc warlord!!
The orc warlord is severely wounded.
The orb of electricity engulfs the orc knight!!
The orc knight is heavily wounded.
The orb of electricity engulfs you. You resist.
* * * LOW HITPOINT WARNING * * *
You hear a mighty clap of thunder!
The orb of electricity explodes!
You hear an angry hiss.
You hear a shout! x2
The orc warlord completely misses you. You block the orc knight's attack.
Unknown command.
You slice the orc knight!! You burn the orc knight! You freeze the orc knight.
You kill the orc knight!
Okawaru accepts your kill.
The orc warlord hits you with a +6 great sword of electrocution!!!
You die...

###'########
#...........
#...........
#+++#
##....[......
#...
.#...........
#..(
o.#...........
#.(#
..#.....######
+)o##..#.....#
#)@....#.....#
#
#......#.....#
##
###'####.....#
##.
#......#.....#
##..
#......#.....#
#...
+..##..'.....#
#...
#..##..#.....#
#...
#......#.....#
#...
#......#.....#
#..#


You could see an orc warlord (strong).

Vanquished Creatures
  Mara (Spider:3)
  Nikola (Elf:2)
  2 deep elf blademasters (Elf:3)
  Asterion (Elf:3)
  Rupert (D:12)
  2 deep elf master archers (Elf:3)
  Donald (Orc:2)
  Roxanne (D:15)
  A tentacled starspawn (Abyss:2)
  Agnes (Elf:1)
  6 emperor scorpions
  4 vault wardens
  4 ghost moths
  3 deep elf sorcerers (Elf:3)
  Louise (Elf:3)
  The ghost of bjubeck the Warrior, a journeyman MiBe of Trog (Orc:2)
  2 orc warlords
  A deep elf elementalist (Elf:3)
  8 ironbound preservers
  3 very ugly things (Vaults:1)
  3 broodmothers
  A quicksilver ooze (Gauntlet)
  5 deep elf demonologists
  An ironbound thunderhulk (Vaults:2)
  Nessos (D:12)
  A war gargoyle (Vaults:2)
  4 deep elf annihilators (Elf:3)
  4 spark wasps
  Snorg (D:14)
  A minotaur (Gauntlet)
  10 dire elephants
  Azrael (D:13)
  3 entropy weavers
  2 deep elf death magi (Elf:3)
  6 merfolk impalers
  A green death (Abyss:2)
  2 deep elf high priests (Elf:3)
  7 merfolk javelineers (Shoals:4)
  A fire dragon (D:13)
  5 great orbs of eyes
  3 yaktaur captains (Vaults:1)
  Fannar (Lair:2)
  5 hydras
  4 boulder beetles
  Erolcha (D:10)
  4 catoblepae
  4 vault guards
  3 merfolk avatars
  5 ironbound frosthearts (Vaults:1)
  An alligator snapping turtle (Shoals:4)
  7 centaur warriors
  A jorogumo (Spider:4)
  A death knight (D:14)
  3 two-headed ogres
  31 dancing weapons
  4 merfolk aquamancers
  4 satyrs
  10 death yaks
  A tengu warrior (D:15)
  8 death scarabs (Spider:4)
  An orc high priest (Orc:2)
  2 spectral emperor scorpions (Spider:4)
  Urug (Orc:1)
  18 deep elf knights
  3 wretched stars (Abyss:2)
  5 skeletal warriors
  13 pharaoh ants
  A fire crab (D:13)
  A sun moth (Spider:1)
  Lodul (D:12)
  12 sea snakes
  8 steelbarb worms
  25 deep trolls
  5 starcursed masses (Abyss:2)
  7 orb spiders
  7 spectral wolf spiders
  9 ironbound convokers
  A wizard (D:14)
  9 deep elf archers
  A phantasmal warrior (Vaults:2)
  3 spriggan simulacra (D:14)
  2 lindwurms (Vaults:1)
  25 deep elf zephyrmancers
  4 orc knights
  26 harpies
  6 orc sorcerers
  A broodmother zombie (Spider:4)
  8 wolf spider zombies
  6 cyclopes
  28 deep elf pyromancers
  22 wolf spiders
  12 fauns
  27 ugly things
  20 manticores
  5 elephants (Lair:4)
  10 merfolk sirens
  A salamander (Vaults:1)
  3 moths of wrath
  5 black mambas
  6 water nymphs
  9 vault sentinels
  4 smoke demons (Abyss:2)
  12 cane toads
  8 torpor snails
  Maggie (D:6)
  4 rime drakes
  2 unseen horrors
  3 spectral redbacks (Spider:4)
  A rime drake (shapeshifter) (D:15)
  3 freezing wraiths
  10 yaktaurs
  15 komodo dragons
  14 demonic crawlers
  4 kobold demonologists (D:11)
  A tengu conjurer (D:12)
  2 efreet
  3 redback zombies (Spider:4)
  An ancient zyme (Abyss:2)
  2 queen bees (shapeshifter) (Elf:1)
  5 trolls
  24 merfolk
  Prince Ribbit (D:9)
  9 meliai
  A queen bee (Spider:4)
  A polar bear (shapeshifter) (D:13)
  A spectral culicivora (Spider:4)
  2 spectral jumping spiders (Spider:4)
  8 wind drakes
  A polar bear (Lair:4)
  A harpy skeleton (Abyss:2)
  2 large abominations (Abyss:2)
  2 jumping spider zombies (Spider:4)
  2 tarantella zombies (Spider:4)
  2 wolf spider simulacra (Spider:1)
  25 tarantellas
  A hornet (Vaults:1)
  13 slime creatures
  11 dream sheep
  17 blink frogs
  A culicivora zombie (Spider:4)
  12 snapping turtles
  2 shadows
  33 jumping spiders
  2 vampires
  2 air elementals (Elf:3)
  3 fire elementals
  63 yaks
  31 culicivoras
  2 wraiths (D:12)
  A ynoxinul (Abyss:2)
  14 water elementals
  5 wyverns
  6 basilisks
  Eustachio (D:5)
  6 vampire mosquitoes
  50 redbacks
  2 steam dragons
  3 minotaur simulacra (D:14)
  Menkaure (D:5)
  Edmund (D:6)
  2 wargs (Orc:1)
  2 acid dragons
  16 water moccasins
  2 hell hounds (D:13)
  36 orc warriors
  An ice beast (D:8)
  5 sky beasts
  2 black bears
  A boggart (Vaults:2)
  5 centaurs
  11 ogres
  A wolf (D:10)
  2 phantoms (D:6)
  3 kobold brigands
  2 earth elementals
  3 necrophages
  A small abomination (Abyss:2)
  6 bullfrogs
  2 deep troll simulacra (D:14)
  A gnoll sergeant (D:7)
  10 scorpions
  20 wights
  19 killer bees
  3 electric eels
  A howler monkey (D:5)
  3 jellies
  6 hounds
  29 orc priests
  2 gnoll boudas
  6 iguanas
  2 iron imps (Abyss:2)
  4 hell rats (Lair:3)
  31 orc wizards
  Robin (D:3)
  16 gnolls
  13 adders
  3 shadow imps
  2 white imps
  An ufetubus (D:5)
  4 worms
  93 orcs
  11 endoplasms
  3 giant cockroaches
  16 goblins
  9 hobgoblins
  A jackal (D:4)
  27 kobolds
  2 quokkas
  5 ball pythons
  4 bats
  3 frilled lizards
  6 rats
1485 creatures vanquished.

Vanquished Creatures (collateral kills)
  2 dire elephants (Vaults:1)
  An orc high priest (Orc:2)
  2 orc priests (Orc:2)
  An orc (Orc:2)
6 creatures vanquished.

Vanquished Creatures (others)
  An orc high priest (Orc:2)
  A deep elf zephyrmancer (Elf:2)
  2 deep elf pyromancers
  A yaktaur (Vaults:1)
  2 centaur simulacra (D:14)
  An air elemental (Elf:2)
  2 gnolls (D:7)
  An orc (Orc:2)
  29 fungi
  64 plants
  2 starspawn tentacles (Abyss:2)
106 creatures vanquished.

Grand Total: 1597 creatures vanquished

Notes
Turn   | Place    | Note
-------+----------+-------------------------------------------
     0 | D:1      | Kazon the Draconian Fighter began the quest for the Orb.
     0 | D:1      | Reached XP level 1. HP: 19/19 MP: 1/1
    32 | D:1      | Identified a scroll of acquirement
    32 | D:1      | Acquired the ring of Ennyoph {rElec Will+ Str+3 SInv}
   154 | D:1      | Reached XP level 2. HP: 26/26 MP: 2/2
   889 | D:2      | Reached XP level 3. HP: 30/33 MP: 3/3
  1609 | D:2      | Reached XP level 4. HP: 34/40 MP: 4/4
  1617 | D:2      | Reached skill level 3 in Long Blades
  1736 | D:3      | Found Umat's Antique Weapon Boutique.
  1763 | D:3      | Bought a crude falchion for 184 gold pieces
  1763 | D:3      | Identified the +3 falchion of Winter {venom, rCorr} (You
                  | bought it in a shop on level 3 of the Dungeon)
  1890 | D:3      | Noticed Robin
  1912 | D:3      | Killed Robin
  1950 | D:3      | Reached XP level 5. HP: 41/45 MP: 5/5
  2204 | D:3      | Reached skill level 5 in Long Blades
  2204 | D:3      | Reached skill level 5 in Dodging
  2204 | D:3      | Reached skill level 5 in Shields
  2204 | D:3      | Reached XP level 6. HP: 58/58 MP: 6/6
  2928 | D:4      | Your scales start taking on a glossy black colour.
  2928 | D:4      | Reached XP level 7. HP: 55/64 MP: 7/7
  2928 | D:4      | Gained mutation: You are resistant to electric shocks.
                  | (rElec) [Black Draconian growth]
  3153 | D:4      | Found a hazy altar of Hepliaklqana.
  3300 | D:5      | Entered Level 5 of the Dungeon
  3343 | D:5      | Reached skill level 6 in Long Blades
  3346 | D:5      | Noticed Eustachio
  3362 | D:5      | Reached skill level 1 in Evocations
  3378 | D:5      | Killed Eustachio
  3507 | D:5      | Noticed Menkaure
  3518 | D:5      | Reached XP level 8. HP: 60/71 MP: 8/8
  3534 | D:5      | Killed Menkaure
  4282 | D:7      | Found a staircase to the Ecumenical Temple.
  4293 | Temple   | Entered the Ecumenical Temple
  4300 | Temple   | Became a worshipper of Warmaster Okawaru
  4335 | Temple   | Reached skill level 5 in Stealth
  4361 | D:7      | Found a hide-covered altar of Uskayaw.
  4471 | D:6      | Noticed Edmund
  4520 | D:5      | Reached * piety under Okawaru
  4521 | D:5      | Reached XP level 9. HP: 33/79 MP: 9/9
  4586 | D:6      | Killed Edmund
  4587 | D:6      | Reached skill level 1 in Invocations
  4859 | D:6      | Reached ** piety under Okawaru
  4891 | D:6      | Reached skill level 7 in Long Blades
  5216 | D:6      | Noticed Maggie
  5228 | D:6      | Killed Maggie
  5229 | D:6      | Reached XP level 10. HP: 66/86 MP: 12/12
  5396 | D:7      | Found a white marble altar of Elyvilon.
  5404 | D:7      | Reached *** piety under Okawaru
  5849 | D:8      | Found Quzidd's Magic Scroll Emporium.
  6019 | D:8      | Found Zoxtaeshakh's Jewellery Boutique.
  6072 | D:8      | Found Heidghoki's Jewellery Shop.
  6243 | D:8      | Found Esumer's Weapon Shop.
  6800 | D:9      | Reached **** piety under Okawaru
  6892 | D:9      | Noticed a two-headed ogre
  6905 | D:9      | Killed a two-headed ogre
  7000 | D:9      | Noticed Prince Ribbit
  7018 | D:9      | Received a gift from Okawaru
  7021 | D:9      | Paralysed by a wight for 3 turns
  7034 | D:9      | Killed Prince Ribbit
  7424 | D:10     | Entered Level 10 of the Dungeon
  7479 | D:10     | Found a staircase to the Lair.
  7491 | D:10     | Reached skill level 8 in Long Blades
  7491 | D:10     | Reached skill level 5 in Invocations
  7529 | D:10     | Noticed Erolcha
  7532 | D:10     | Killed Erolcha
  7532 | D:10     | Received a gift from Okawaru
  7533 | D:10     | Reached XP level 11. HP: 80/92 MP: 14/14
  7552 | D:10     | Identified the +5 long sword of the Land of Plenty {drain,
                  | Dex+3}
  7557 | D:10     | Found Juagoaq's Book Shoppe.
  7572 | D:10     | Reached ***** piety under Okawaru
  7947 | D:10     | Reached skill level 5 in Short Blades
  8231 | D:10     | Received a gift from Okawaru
  8663 | D:11     | Noticed a green ugly thing
  8671 | D:11     | Killed a green ugly thing
  8672 | D:11     | Reached skill level 5 in Throwing
  8672 | D:11     | Reached skill level 5 in Evocations
  8713 | D:11     | Received a gift from Okawaru
  8843 | D:11     | Noticed a sixfirhy
  8847 | D:11     | Noticed a soul eater
  8848 | D:11     | Reached skill level 9 in Long Blades
  9561 | D:12     | Noticed Lodul
  9585 | D:12     | Killed Lodul
  9586 | D:12     | Reached XP level 12. HP: 67/101 MP: 15/17
  9725 | D:8      | Bought the amulet "Odemouw" {Contam rPois rF+++ Regen+
                  | Stlth+} for 734 gold pieces
  9796 | Lair:1   | Entered Level 1 of the Lair of Beasts
  9928 | Lair:1   | Found the +2 Maxwell's thermic engine {flame, freeze}
 10015 | Lair:1   | Reached skill level 10 in Long Blades
 10193 | Lair:1   | Identified the -2 cloak of the Black Moon {rCorr Int-4
                  | SInv} (Okawaru gifted it to you on level 1 of the Lair of
                  | Beasts)
 10193 | Lair:1   | Received a gift from Okawaru
 10792 | Lair:2   | You fall into a shaft and drop 2 floors!
 10904 | Lair:4   | Found a staircase to the Slime Pits.
 10904 | Lair:4   | Found a viscous altar of Jiyva.
 11015 | Lair:4   | Reached skill level 11 in Long Blades
 11282 | Lair:2   | Noticed Fannar
 11290 | Lair:2   | Noticed a catoblepas
 11321 | Lair:2   | Killed a catoblepas
 11321 | Lair:2   | Identified the +2 hat of Dawn {Slay+4} (Okawaru gifted it
                  | to you on level 2 of the Lair of Beasts)
 11321 | Lair:2   | Received a gift from Okawaru
 11324 | Lair:2   | Reached XP level 13. HP: 60/108 MP: 17/19
 11326 | Lair:2   | Killed Fannar
 11978 | Lair:3   | Found a hole to the Spider Nest.
 12297 | Lair:3   | Found a staircase to the Shoals.
 12354 | Lair:3   | Found an ancient bone altar of Kikubaaqudgha.
 12419 | Lair:3   | Reached ****** piety under Okawaru
 12644 | Lair:4   | Identified the +3 battleaxe "Adididghufym" {antimagic, rF+
                  | Will+}
 12832 | Lair:5   | Entered Level 5 of the Lair of Beasts
 13025 | Lair:5   | Reached skill level 12 in Long Blades
 13280 | Lair:5   | Received a gift from Okawaru
 13918 | Lair:5   | Reached skill level 10 in Fighting
 13998 | Lair:5   | Gained mutation: Your large and strong wings let you fly.
                  | [Black Draconian growth]
 13998 | Lair:5   | Reached XP level 14. HP: 90/121 MP: 20/20
 14159 | Lair:5   | Identified the +4 kite shield of a bazaar {rPois Regen+
                  | MP-9} (Okawaru gifted it to you on level 5 of the Lair of
                  | Beasts)
 14159 | Lair:5   | Received a gift from Okawaru
 14576 | D:12     | Noticed Rupert
 14590 | D:12     | Killed Rupert
 14591 | D:12     | Reached skill level 13 in Long Blades
 14805 | D:12     | Noticed Nessos
 14808 | D:12     | Killed Nessos
 15018 | D:12     | Found a staircase to the Orcish Mines.
 15096 | D:13     | Noticed Azrael
 15115 | D:13     | Killed Azrael
 15205 | D:13     | Found Ituota Roil's Distillery.
 15299 | D:13     | Reached skill level 10 in Invocations
 15585 | D:13     | Received a gift from Okawaru
 15610 | D:13     | Found a gate to the Vaults.
 15837 | D:14     | Found a frozen archway.
 16056 | D:14     | Noticed Snorg
 16063 | D:14     | Killed Snorg
 16199 | D:14     | Found a runed translucent gate.
 16200 | D:14     | Found a runed translucent gate.
 16200 | D:14     | Found a runed translucent gate.
 16200 | D:14     | Noticed Buihiast's ghost (journeyman DgHW)
 16221 | D:14     | Reached XP level 15. HP: 128/128 MP: 14/23
 16293 | D:14     | Identified the +6 scale mail "Voetobuo" {Int-3 Dex+8}
 16620 | Spider:1 | Entered Level 1 of the Spider Nest
 16765 | Spider:1 | Upgraded the game from 0.29.1-14-g9c671dbff4 to
                  | 0.29.1-15-g9cfb28693d
 16767 | Spider:1 | HP: 4/128 [culicivora (4)]
 16776 | Spider:1 | Received a gift from Okawaru
 16785 | Spider:1 | Noticed an emperor scorpion
 16798 | Spider:1 | Killed an emperor scorpion
 16799 | Spider:1 | Reached skill level 10 in Evocations
 17062 | Spider:1 | Reached skill level 14 in Long Blades
 17449 | Spider:1 | Received a gift from Okawaru
 17469 | Spider:1 | Acquired the ring "Liaxixaodgh" {rC+ Will+ Str+6}
 17771 | Spider:1 | Received a gift from Okawaru
 17999 | Spider:1 | Received a gift from Okawaru
 18213 | D:12     | Gained mutation: Your spells are a little easier to cast,
                  | but a little less powerful. [potion of mutation]
 18213 | D:12     | Gained mutation: You are robust. (+10% HP) [potion of
                  | mutation]
 18213 | D:12     | Gained mutation: You have a beak for a mouth. [potion of
                  | mutation]
 18221 | Orc:1    | Entered Level 1 of the Orcish Mines
 18242 | Orc:1    | Noticed Urug
 18255 | Orc:1    | Killed Urug
 18256 | Orc:1    | Paralysed by an orc sorcerer for 3 turns
 18508 | Orc:1    | Identified the +0 hat of Hide-and-Seek {Drain rPois rN+}
                  | (Okawaru gifted it to you on level 1 of the Orcish Mines)
 18508 | Orc:1    | Received a gift from Okawaru
 18707 | Orc:2    | Entered Level 2 of the Orcish Mines
 18716 | Orc:1    | You are sucked into a shaft and drop 1 floor!
 18738 | Orc:2    | Noticed bjubeck's ghost (journeyman MiBe)
 18742 | Orc:2    | Found a runed translucent door.
 18835 | Orc:2    | Noticed Donald
 18848 | Orc:2    | Killed Donald
 18916 | Orc:2    | Found a gate leading to a gauntlet.
 18923 | Gauntlet | Entered a Gauntlet
 18923 | Gauntlet | Found a transporter.
 18926 | Gauntlet | Found a runed translucent door.
 18926 | Gauntlet | Found a transporter.
 18928 | Gauntlet | Found a transporter.
 18929 | Gauntlet | Found a transporter.
 18931 | Gauntlet | Found a transporter.
 18932 | Gauntlet | Found a transporter.
 18936 | Gauntlet | Found a runed translucent door.
 18940 | Gauntlet | Found a transporter.
 18940 | Gauntlet | Found the +12 glaive of Prune {vorpal}
 18941 | Gauntlet | Found a transporter.
 18949 | Gauntlet | Found a runed translucent door.
 18959 | Gauntlet | Found a transporter.
 18976 | Gauntlet | Found a transporter.
 18980 | Gauntlet | Found a transporter.
 18992 | Gauntlet | Found a transporter.
 19352 | Orc:2    | Noticed an orc warlord
 19368 | Orc:2    | Killed an orc warlord
 19454 | Orc:2    | Found a staircase to the Elven Halls.
 19568 | Orc:2    | Killed bjubeck's ghost
 19569 | Orc:2    | Reached XP level 16. HP: 143/151 MP: 15/24
 19905 | Orc:2    | Found Pisuawn's Antique Armour Emporium.
 19906 | Orc:2    | Found Luduu's Antique Weapon Emporium.
 19907 | Orc:2    | Found Leshref's General Store.
 19907 | Orc:2    | Found Geemeife's Jewellery Shoppe.
 19913 | Orc:2    | Bought a potion of heal wounds for 60 gold pieces
 19913 | Orc:2    | Bought a scroll of fear for 48 gold pieces
 19913 | Orc:2    | Bought a potion of curing for 36 gold pieces
 20179 | Elf:1    | Entered Level 1 of the Elven Halls
 20350 | Elf:1    | Noticed Agnes
 20373 | Elf:1    | Killed Agnes
 20476 | Elf:1    | Identified the +1 cloak of the Endless Expanse {Drain Dex+5
                  | SInv} (Okawaru gifted it to you on level 1 of the Elven
                  | Halls)
 20476 | Elf:1    | Received a gift from Okawaru
 20607 | Elf:1    | Reached skill level 10 in Dodging
 20938 | Elf:2    | Found Hiosedoa's Distillery.
 20938 | Elf:2    | Found Zoshugie's Magic Scroll Shoppe.
 21013 | Elf:2    | Found Uddis's Antique Armour Shoppe.
 21017 | Elf:2    | Found Wuev's Magic Scroll Emporium.
 21056 | Elf:2    | Bought a potion of curing for 36 gold pieces
 21056 | Elf:2    | Bought a potion of curing for 36 gold pieces
 21234 | Elf:1    | Found an ancient bone altar of Kikubaaqudgha.
 21256 | Elf:2    | Found a transporter.
 21280 | Elf:2    | Noticed roguespy's ghost (adept MiFi)
 21444 | Elf:2    | Reached skill level 15 in Long Blades
 21543 | Elf:2    | Found a transporter.
 21777 | Elf:2    | Found a huge runed translucent gate.
 21785 | Elf:2    | Reached skill level 10 in Shields
 21788 | Elf:2    | Found a huge runed translucent gate.
 21789 | Elf:2    | Found a huge runed translucent gate.
 21790 | Elf:2    | Found a huge runed translucent gate.
 21790 | Elf:2    | Found a huge runed translucent gate.
 21851 | Elf:2    | Identified the +0 kite shield "Evvel" {+Blink} (Okawaru
                  | gifted it to you on level 2 of the Elven Halls)
 21851 | Elf:2    | Received a gift from Okawaru
 22116 | Elf:2    | Noticed Nikola
 22131 | Elf:2    | Killed Nikola
 22132 | Elf:2    | Reached XP level 17. HP: 117/160 MP: 24/26
 22360 | Elf:3    | Entered Level 3 of the Elven Halls
 22502 | Elf:3    | Noticed Louise
 22606 | Abyss:2  | Cast into level 2 of the Abyss (Louise)
 22829 | Abyss:2  | Noticed a quicksilver dragon
 22922 | Abyss:2  | Received a gift from Okawaru
 23021 | Elf:3    | Escaped the Abyss
 23031 | Elf:3    | Killed Louise
 23069 | Elf:3    | Noticed Asterion
 23073 | Elf:3    | Killed Asterion
 23351 | Elf:3    | Found Cel Ymun's Antique Armour Boutique.
 23360 | Elf:3    | Bought the +0 mask of the Dragon {Will+ Slay+3 SInv} for
                  | 1235 gold pieces
 23360 | Elf:3    | Found the +0 mask of the Dragon {Will+ Slay+3 SInv}
 23507 | Elf:3    | Found Ecsiwk's Weapon Shop.
 24122 | Elf:3    | Noticed a deep elf blademaster
 24135 | Elf:3    | Killed a deep elf blademaster
 24144 | Elf:3    | Identified the +3 robe of the Original Sin {Will+}
 24144 | Elf:3    | Noticed a deep elf master archer
 24156 | Elf:3    | Killed a deep elf master archer
 24173 | Elf:3    | Identified the +0 pair of gloves of Distant Shores {Harm
                  | rN++}
 24249 | Elf:3    | Noticed a deep elf master archer
 24250 | Elf:3    | Noticed a deep elf blademaster
 24265 | Elf:3    | Killed a deep elf blademaster
 24265 | Elf:3    | Received a gift from Okawaru
 24276 | Elf:3    | Killed a deep elf master archer
 24282 | Elf:3    | Identified the +3 quarterstaff of the Vase {venom, rC+}
 24309 | Elf:3    | Got the Verses on Quantum Conjuring
 24322 | Elf:3    | Identified the +8 flail of Qocw {holy, *Slow rElec Str+6
                  | Int+2}
 24730 | D:15     | Entered Level 15 of the Dungeon
 24795 | D:15     | Found a staircase to the Depths.
 24833 | D:15     | Reached skill level 10 in Throwing
 25040 | D:15     | Received a gift from Okawaru
 25059 | D:15     | Reached skill level 10 in Stealth
 25059 | D:15     | Reached XP level 18. HP: 158/158 MP: 19/28
 25177 | D:15     | Reached skill level 16 in Long Blades
 25434 | D:15     | Identified Roxanne's Parchment of Spelunking
 25434 | D:15     | Noticed Roxanne
 25454 | D:15     | Killed Roxanne
 25802 | Shoals:1 | Entered Level 1 of the Shoals
 26611 | Shoals:2 | Reached skill level 15 in Evocations
 26954 | Shoals:2 | Identified the +4 chain mail of the Enchanted Forest
                  | {*Corrode Dex+6}
 27283 | Shoals:3 | Identified the +0 buckler of Pessimism {Harm} (Okawaru
                  | gifted it to you on level 3 of the Shoals)
 27283 | Shoals:3 | Received a gift from Okawaru
 27956 | Shoals:4 | Entered Level 4 of the Shoals
 28126 | Shoals:4 | Found a runed translucent door.
 28126 | Shoals:4 | Found a shimmering altar of Xom.
 28126 | Shoals:4 | Noticed nroviw's ghost (adept TrBe)
 28334 | Shoals:4 | Got a barnacled rune of Zot
 28691 | Shoals:4 | Got Gogief's Precepts of Coordinates
 28720 | Shoals:4 | Received a gift from Okawaru
 28818 | Shoals:4 | Reached XP level 19. HP: 58/179 MP: 30/30
 28898 | Shoals:4 | Received a gift from Okawaru
 29046 | Shoals:4 | Identified the ring of Zuegae {rPois rF+ rC- MP+9}
 29447 | Spider:2 | Received a gift from Okawaru
 30281 | Spider:2 | Reached skill level 15 in Invocations
 30295 | Spider:2 | Received a gift from Okawaru
 30943 | Spider:3 | Identified the -2 pair of gloves of Spring Thaw {Fly}
                  | (Okawaru gifted it to you on level 3 of the Spider Nest)
 30943 | Spider:3 | Received a gift from Okawaru
 31685 | Spider:4 | Entered Level 4 of the Spider Nest
 31836 | Spider:4 | Noticed Mara
 31845 | Spider:3 | Killed Mara
 32759 | Spider:4 | Received a gift from Okawaru
 33232 | Spider:4 | Reached XP level 20. HP: 178/191 MP: 15/31
 33301 | Spider:4 | Got a gossamer rune of Zot
 33812 | Vaults:1 | Entered Level 1 of the Vaults
 33909 | Vaults:1 | HP: 5/157 [ironbound frostheart/creeping frost (24)]
 34082 | Vaults:1 | Got Qickeq's Spellbook of Rank Transformation
 34230 | Vaults:1 | Received a gift from Okawaru
 34280 | Vaults:1 | Found Quvviufo's Distillery.
 34322 | Vaults:1 | Received a gift from Okawaru
 34352 | Vaults:1 | Bought a potion of curing for 36 gold pieces
 34352 | Vaults:1 | Bought a potion of heal wounds for 60 gold pieces
 34352 | Vaults:1 | Bought a potion of heal wounds for 60 gold pieces
 34487 | Vaults:1 | Reached skill level 17 in Long Blades
 35155 | Vaults:1 | Received a gift from Okawaru
 35370 | Vaults:2 | Received a gift from Okawaru
 35515 | Vaults:2 | Found Afiul's Antique Armour Boutique.
 35785 | Vaults:2 | Found a transporter.
 35785 | Vaults:2 | Found the +3 pair of seven-league boots {Rampage+∞}
 35795 | Vaults:2 | Found a transporter.
 35872 | Vaults:2 | Received a gift from Okawaru
 36015 | Vaults:2 | Received a gift from Okawaru
 36141 | Vaults:2 | Identified the +6 battleaxe of the Neverending Dances
                  | {vorpal, rN++ Str-4}
 36176 | Vaults:2 | Reached skill level 15 in Fighting
 36410 | Vaults:2 | HP: 1/195 [orc warlord/+6 great sword of electrocution
                  | (26)]
 36413 | Vaults:2 | Demolished by an orc warlord

Illustrated notes

Levels and vault maps discovered:
D:1:      dpeg_arrival_three_smaller_balls, layout_basic
D:2:      layout_loops_ring
D:3:      layout_basic, serial_shops, nicolae_shop_stone, st_stairs_9,
          minmay_misc_feat_doors, eino_curves_03, uniq_robin
D:4:      minmay_wonky_spiral, layout_basic,
          mainiacjoe_overflow_surrounded_room, minivault_5
D:5:      layout_cave_pods, uniq_menkaure, uniq_eustachio
D:6:      cheibrodos_barr_body, layout_basic, minmay_crystal_room,
          minmay_pentangle, uniq_maggie, uniq_edmund
D:7:      layout_cave_pools, nicolae_uskayaw_murder_on_the_dancefloor,
          elyvilon_altar_4, minmay_temple_entry_purple_smoke
D:8:      layout_basic, serial_shops, shop_statue, kennysheep_little_box, shop,
          nicolae_shop_window_shopping
D:9:      layout_cave_pools, uniq_prince_ribbit1
D:10:     layout_stronghold, erik_lair_island, serial_shops,
          nicolae_shop_statue_plus, uniq_erolcha
D:11:     layout_roguey
D:12:     layout_loops_ring, orc_0_dummy, chequers_serial_rivers_marsh,
          uniq_lodul, uniq_nessos, uniq_rupert
D:13:     layout_gridville, david_vaults_5, serial_shops,
          nicolae_shop_behind_doors, minmay_fractal_squares_gapless_5,
          uniq_azrael
D:14:     layout_roguey, minmay_misc_feat_secret_circle, gammafunk_ghost_split,
          portal_ice_cave_entry_ice_simulacra, uniq_snorg
D:15:     hangedman_depths_entry_try_elsewhere_first, layout_loops_corners,
          uniq_roxanne
Temple:   nicolae_temple_bog_church
Lair:1:   layout_long_grid, fungi_pond_lemuel, cheibrodos_lair_reptile_den
Lair:2:   layout_gridlike, uniq_fannar
Lair:3:   layout_roguey, minmay_shoals_entry_hut,
          nicolae_spider_entry_non_spiders, basic_altar, serial_bayou_crossing
Lair:4:   layout_gridlike, slime_entry_1, serial_rivers,
          chequers_serial_rivers_room_a, chequers_serial_rivers_micro_c,
          chequers_serial_rivers_room_a, chequers_serial_rivers_micro_e,
          minivault_27, grunt_megastairs_3, infiniplex_staircase_pool_2
Lair:5:   evilmike_catoblepas_cave, layout_long_grid
Shoals:1: layout_shoals, nicolae_shoals_lost_giant_pillars
Shoals:2: layout_shoals
Shoals:3: layout_shoals
Shoals:4: shoals_end_simple, layout_shoals, ebering_ghost_xom
Spider:1: layout_chambers, nicolae_spider_undead_wolf_pack
Spider:2: layout_cave_pods
Spider:3: layout_spider_delve
Spider:4: floodkiller_spider_rune_tomb, special_room [special_room_bee],
          uniq_mara
Orc:1:    layout_caves, basic_altar, uniq_urug
Orc:2:    st_orc_congregation, layout_caves, gauntlet_entry_generic,
          hellmonk_ghost_happy_afterlife, uniq_donald
Elf:1:    layout_gridlike, minmay_elf_demonology, lemuel_upstairs_altar,
          uniq_agnes
Elf:2:    elven_hall_of_blades_hangedman_alternative
          [nicolae_blade_entry_diamond_columns], layout_geoelf_diagonals,
          gammafunk_ghost_arena, minmay_shoptagon, uniq_nikola
Elf:3:    elf_hall_gauntlet_narrow, layout_gridlike, serial_shops,
          nicolae_shop_overgrown_old_shop, nicolae_shop_advertising_works
          [nicolae_subvault_shop_adworks], uniq_louise, uniq_asterion
Vaults:1: nicolae_vaults_little_squares_1, v_misc_5, hangedman_vaults_stitches,
          hangedman_vaults_cutoff, grunt_vaults_trifunnel, v_misc_19,
          nicolae_vaults_three_branches, vaults_room_pool,
          vaults_room_door_hall, nicolae_vaults_little_ls,
          nicolae_vaults_rhombus_7, layout_vaults_omnicross, serial_shops, shop
Vaults:2: advil_vaults_ghost_guards, gammafunk_sealed_arena,
          hangedman_vaults_snaps, vaults_room_semicircle,
          hangedman_vaults_slither, v_alt_pattern_4, v_alt_pattern_3,
          hangedman_vaults_cutoff, vaults_mumra_lcd, nicolae_vaults_rhombus_6,
          ontoclasm_vaults_spin, grunt_vaults_focal, layout_vaults_ring,
          serial_shops, shop_statue

Skill      XL: |  1  2  3  4  5  6  7  8  9 10 11 12 13 14 15 16 17 18 19 20 |
---------------+-------------------------------------------------------------+-----
Dodging        | 3 5 6 7 8 9 10 12 13 14 | 14.3
Fighting       | 4 6 7 8 10 11 12 13 14 15 | 15.1
Long Blades    | 3 5 6 7 8 9 11 12 13 14 15 16 17 | 17.2
Short Blades   | 4 5 6 7 8 |  8.5
Throwing       | 3 4 5 6 7 8 10 11 12 | 12.4
Stealth        | 4 5 6 7 8 9 10 11 | 11.8
Shields        | 5 6 7 8 9 10 11 12 13 | 13.7
Evocations     | 1 2 3 4 5 7 8 9 11 12 14 15 16 | 16.4
Invocations    | 3 5 6 8 9 10 11 12 13 14 15 | 15.1

Action                   |  1- 3 |  4- 6 |  7- 9 | 10-12 | 13-15 | 16-18 | 19-21 || total
-------------------------+-------+-------+-------+-------+-------+-------+-------++-------
Melee: Long sword        |    73 |       |       |   162 |       |       |       ||   235
       Tailslap          |     5 |    16 |    50 |   104 |   177 |   223 |   250 ||   825
       Dagger            |    14 |    97 |    43 |    78 |   148 |    52 |       ||   432
       Falchion          |       |    21 |   272 |   230 |    67 |    11 |    20 ||   621
       Double sword      |       |       |       |   199 |   743 |   762 |   752 ||  2456
       Peck              |       |       |       |       |    44 |   321 |   339 ||   704
       Rapier            |       |       |       |       |       |   254 |   231 ||   485
Throw: Stone             |     8 |    19 |    26 |    74 |       |       |       ||   127
       Dart              |       |       |       |    26 |   133 |    58 |   207 ||   424
       Boomerang         |       |       |       |    19 |   120 |   263 |   105 ||   507
       Javelin           |       |       |       |       |     2 |    32 |    34 ||    68
Invok: Heroism           |       |       |       |     4 |     9 |    12 |     4 ||    29
       Finesse           |       |       |       |       |     1 |     2 |     2 ||     5
 Abil: Breathe Lightning |       |       |     7 |    12 |     7 |       |     2 ||    28
Evoke: Wand              |       |       |     1 |    10 |    20 |    41 |    19 ||    91
       Phial of floods   |       |       |       |       |     1 |     1 |       ||     2
       Lightning rod     |       |       |       |       |       |     7 |       ||     7
       Tin of tremorston |       |       |       |       |       |     1 |     4 ||     5
       Condenser vane    |       |       |       |       |       |       |     1 ||     1
  Use: Scroll            |     1 |       |     3 |     9 |    14 |     4 |     6 ||    37
       Potion            |       |     1 |     3 |     2 |     8 |     2 |     3 ||    19
 Stab: Sleeping          |       |     3 |     9 |    18 |    18 |    50 |    17 ||   115
       Distracted        |       |       |     1 |       |    10 |    19 |    20 ||    50
       Petrified         |       |       |       |     2 |       |       |       ||     2
       Paralysed         |       |       |       |       |       |     1 |    10 ||    11
       Held in net/web   |       |       |       |       |       |       |     3 ||     3
       Invisible         |       |       |       |       |       |       |     2 ||     2
Armor: Skin              |    23 |    24 |   100 |   111 |   193 |   130 |   141 ||   722
Dodge: Dodged            |    49 |    59 |   173 |   353 |   433 |   538 |   450 ||  2055
Block: Buckler           |    21 |    23 |    58 |   162 |    67 |       |       ||   331
       Kite shield       |       |       |       |       |   448 |   645 |   708 ||  1801
       Reflection        |       |       |       |       |       |    64 |    12 ||    76
